 Dungeon Crawl Stone Soup version 0.24-a0-715-g0b739ee41d (webtiles) character file.

Game seed: 16845516854596182187, levelgen mode: deterministic

85 Arixos the Sneak (level 4, -13/25 HPs)
             Began as a Vampire Enchanter on Sept 30, 2019.
             Mangled by an ogre
             ... wielding a +0 giant spiked club
              (27 damage)
             ... on level 2 of the Dungeon.
             The game lasted 00:18:51 (2905 turns).

Arixos the Sneak (Vampire Enchanter)                Turns: 2905, Time: 00:18:52

Health: -13/25     AC:  3    Str:  2 (7)  XL:     4   Next: 25%
Magic:  1/7        EV: 12    Int: 14 (17) God:
Gold:   181        SH:  0    Dex: 10 (15) Spells: 6/8 levels left

rFire    . . .     SeeInvis +   e - +4 dagger (venom)
rCold    + + .     Gourm    .   (no shield)
rNeg     + + +     Faith    .   b - +0 robe
rPois    ∞         Spirit   .   (no helmet)
rElec    .         Reflect  .   (no cloak)
rCorr    .         Harm     .   (no gloves)
MR       .....                  h - +0 pair of boots
Stlth    +++++.....             (no amulet)
HPRegen  0.00/turn              (no ring)
MPRegen  0.10/turn              (no ring)

@: bloodless, regenerating quickly
A: no food, fangs 3, see invisible, unbreathing
a: Bat Form, Revivify


You were on level 2 of the Dungeon.
You were bloodless.

You visited 1 branch of the dungeon, and saw 3 of its levels.

You collected 181 gold pieces.

Inventory:

Hand Weapons
 e - a +4 dagger of venom (weapon)
Armour
 b - a +0 robe (worn)
 h - a +0 pair of boots (worn)
Scrolls
 a - 2 scrolls of remove curse
 c - a scroll of identify
 d - a scroll of fog
 g - a scroll of teleportation
Potions
 f - 2 potions of invisibility


   Skills:
 + Level 1.3 Fighting
 + Level 1.9 Short Blades
 + Level 2.7 Dodging
 + Level 5.2 Stealth
 + Level 2.5 Spellcasting
 + Level 4.9 Hexes


You had 6 spell levels left.
You knew the following spells:

 Your Spells              Type           Power        Failure   Level  Hunger
a - Ensorcelled Hibernat  Hex/Ice        #.....       12%         2    N/A

Your spell library contained the following spells:

 Spells                   Type           Power        Failure   Level  Hunger
 Corona                   Hex            ###....      3%          1    N/A
 Confuse                  Hex            ###.....     9%          3    N/A
 Tukima's Dance           Hex            ###.....     9%          3    N/A
 Dazzling Spray           Conj/Hex       #.....       24%         3    N/A

Dungeon Overview and Level Annotations

Branches:
Dungeon (3/15)

Altars:
Nemelex Xobeh


Innate Abilities, Weirdness & Mutations

You do not eat.
You do not regenerate when monsters are visible.
You are frail without blood (-20% HP).
You are immune to poison.
You have razor-sharp teeth.
You have supernaturally acute eyesight. (SInv)
You can survive without breathing.


Message History

Confirm with . or Enter, or press ? or * to list all spells.
Aiming: Ensorcelled Hibernation (safe; 12% risk of failure)
Press: ? - help, Shift-Dir - straight line The ogre resists with some effort.
The ogre hits you with a +0 giant spiked club.
The frilled lizard bites you.
Casting: Ensorcelled Hibernation (safe; 12% risk of failure)
Confirm with . or Enter, or press ? or * to list all spells.
Aiming: Ensorcelled Hibernation (safe; 12% risk of failure)
Press: ? - help, Shift-Dir - straight line The ogre resists with some effort.
The frilled lizard misses you.
Casting: Ensorcelled Hibernation (safe; 12% risk of failure)
Confirm with . or Enter, or press ? or * to list all spells.
Aiming: Ensorcelled Hibernation (safe; 12% risk of failure)
Press: ? - help, Shift-Dir - straight line The ogre resists with some effort.
The ogre barely misses you. The frilled lizard misses you.
The ogre hits you with a +0 giant spiked club!!
Ouch! That really hurt!
You die...

#.#####..........#...#..#.###.###
#.# #.................#.# #.# #.#
########.........##.# #.# #.####
###.##..####.# #.# .....# #.##..#
#.# #.# #.##.# #.##..# #.# #.#
..##.# #l##..####.###.# ...#.#
#>O............# .....#
#@###.#.....#### ...### #.#
#.#.###.# ..## ####.###.#.# #.#
..# #........#.# #.# ..#
#.##..####.###.# ..#
#.#.........##.# ..#####
###.#...####..##†# ......#
##...#...# #..##.#
#.###.####........####..##.#


You could see an ogre and a frilled lizard.

Vanquished Creatures
  4 adders
  An ooze (D:1)
  3 worms
  A leopard gecko (D:1)
  2 orcs (D:3)
  3 giant cockroaches
  4 goblins
  2 hobgoblins
  A jackal (D:3)
  5 bats
  4 frilled lizards
  A kobold (D:2)
  5 rats
36 creatures vanquished.

Notes
Turn   | Place    | Note
-------+----------+-------------------------------------------
     0 | D:1      | Arixos the Vampire Enchanter began the quest for the Orb.
     0 | D:1      | Reached XP level 1. HP: 13/13 MP: 3/3
   324 | D:1      | Reached XP level 2. HP: 16/16 MP: 5/5
   328 | D:1      | Learned a level 2 spell: Ensorcelled Hibernation
  1316 | D:2      | Found a sparkling altar of Nemelex Xobeh.
  1339 | D:2      | Reached XP level 3. HP: 20/20 MP: 6/6
  1347 | D:2      | Reached skill level 5 in Stealth
  1452 | D:2      | Reached skill level 1 in Fighting
  2407 | D:3      | Reached XP level 4. HP: 25/25 MP: 0/7
  2484 | D:3      | Noticed an ogre
  2511 | D:3      | HP: 1/25 [ogre/+0 giant spiked club (24)]
  2905 | D:2      | Mangled by an ogre

Levels and vault maps discovered:
D:1:      minmay_arrival_stair_chambers, layout_basic
D:2:      layout_loops_ring, nemelex_spade_bored_becter
D:3:      layout_rooms, first_ration

Skill      XL: |  1  2  3 |
---------------+----------+-----
Stealth        | 5 |  5.2
Fighting       | 1 |  1.3
Short Blades   | |  1.9
Dodging        | |  2.7
Spellcasting   | |  2.5
Hexes          | |  4.9

Action                   |  1- 3 |  4- 6 || total
-------------------------+-------+-------++-------
Melee: Dagger            |    48 |     7 ||    55
       Bite              |     3 |       ||     3
 Cast: Ensorcelled Hiber |    14 |     7 ||    21
 Abil: Exsanguinate      |     1 |       ||     1
       End Transformatio |       |     1 ||     1
       Bat Form          |       |     1 ||     1
  Use: Scroll            |     6 |       ||     6
       Potion            |     3 |       ||     3
 Stab: Sleeping          |    22 |     4 ||    26
Armor: Robe              |     5 |     3 ||     8
Dodge: Dodged            |    22 |    10 ||    32

Table legend:
 A = Non-vault XP
 B = Vault XP
 C = Vault XP percentage of total XP
 D = Non-vault monster count
 E = Vault monster count
 F = Vault count percentage of total count
                 A         B        C        D         E       F
            +---------+---------+-------+---------+---------+-------
      Total |     122 |       0 |   0.0 |      36 |       0 |   0.0
            +---------+---------+-------+---------+---------+-------
        D:1 |      21 |       0 |   0.0 |      10 |       0 |   0.0
        D:2 |      51 |       0 |   0.0 |      14 |       0 |   0.0
        D:3 |      50 |       0 |   0.0 |      12 |       0 |   0.0
            +---------+---------+-------+---------+---------+-------
